 Dungeon Crawl Stone Soup version 0.22.1-2-g9c5b331 (webtiles) character file.

54 HEYYEYAAE the Poker (level 3, -1/30 HPs)
             Began as a Demigod Gladiator on Dec 31, 2018.
             Slain by a hobgoblin
             ... wielding a +0 club
             ... led by Robin
              (4 damage)
             ... on level 3 of the Dungeon.
             The game lasted 00:02:38 (1686 turns).

HEYYEYAAE the Poker (Demigod Gladiator)             Turns: 1686, Time: 00:02:38

Health: -1/30      AC:  5    Str: 18 (19) XL:     3   Next: 44%
Magic:  5/5        EV: 12    Int:  9 (12) God:
Gold:   79         SH:  0    Dex: 10 (13) Spells: 2/2 levels left

rFire    . . .     SeeInvis .   a - +0 trident
rCold    . . .     Gourm    .   (no shield)
rNeg     . . .     Faith    .   b - +0 leather armour
rPois    .         Spirit   .   c - +1 helmet
rElec    .         Reflect  .   (no cloak)
rCorr    .         Harm     .   (no gloves)
MR       .....                  (no boots)
Stlth    +.........             (no amulet)
HPRegen  0.10/turn              k - ring of wizardry
MPRegen  0.09/turn              (no ring)

@: no status effects
A: clumsy 2, high mp 1, sturdy frame 1
a: no special abilities


You were on level 3 of the Dungeon.
You were not hungry.

You visited 1 branch of the dungeon, and saw 3 of its levels.

You collected 79 gold pieces.

Inventory:

Hand Weapons
 a - a +0 trident (weapon)
Missiles
 d - 3 throwing nets (quivered)
Armour
 b - a +0 leather armour (worn)
 c - a +1 helmet (worn)
Jewellery
 k - a ring of wizardry (left hand)
Scrolls
 g - a scroll of noise
Comestibles
 f - 3 rations


   Skills:
 + Level 2.5 Fighting
 * Level 3.8 Polearms
 - Level 1.7 Throwing
 - Level 2.6 Dodging


You had 2 spell levels left.
You didn't know any spells.
Your spell library was empty.

Dungeon Overview and Level Annotations

Branches:
Dungeon (3/15)

Annotations:
D:3 Robin


Innate Abilities, Weirdness & Mutations

You have an increased reservoir of magic. (+10% MP)
You are very clumsy. (Dex -4)
Your movements are slightly less encumbered by armour. (ER -2)


Message History

The hobgoblin hits you.
* * * LOW HITPOINT WARNING * * *
As you read the scroll of magic mapping, it crumbles to dust.
You feel momentarily disoriented. The hobgoblin barely misses you.
The goblin completely misses you. The hobgoblin barely misses you.
The goblin hits you but does no damage.
Unknown command.
As you read the scroll labeled IXYIRA TOCRE, it crumbles to dust.
It is a scroll of identify.
g - a scroll of noise The hobgoblin hits you but does no damage.
The goblin hits you with a dagger.
* * * LOW HITPOINT WARNING * * *
The hobgoblin hits you but does no damage.
The goblin barely misses you.
As you read the scroll labeled PAAF VOCLO, it crumbles to dust.
It is a scroll of enchant armour.
Your +0 helmet glows green for a moment.
The goblin barely misses you. The hobgoblin hits you with a club.
You die...

******* ******* *,,,,,*
******,,,..####* *,,,,,*
,,,,,,,,,,,....#* *,,,,,*
***,,,,,,..###.g## *,,,,,*
*,**,*,......g@#****,,,,,*
***,**,,,......ggg......,,,******
,**,****,#######g####...,,,,,,,,*
,**,****,* #g#* *,,,,,,,,,,,*
,,,,*,,,,* **#g.***,****,,,,,,,
**,,*,**** *,gg.,,,,******+****
*****,* *,g..,,,,,,,,**,*,,,
,,,,,,* ***,....,,****,**,,,,,
******* *,,,,,,,,,,,**,****,*,


You could see Robin, 6 hobgoblins and 4 goblins.

Vanquished Creatures
  An adder (D:2)
  An ooze (D:1)
  4 dart slugs
  2 giant cockroaches (D:1)
  4 goblins
  3 hobgoblins
  4 jackals (D:2)
  2 kobolds (D:1)
  4 bats
  3 frilled lizards
  4 rats (D:1)
32 creatures vanquished.

Notes
Turn   | Place    | Note
-------+----------+-------------------------------------------
     0 | D:1      | HEYYEYAAE the Demigod Gladiator began the quest for the
                  | Orb.
     0 | D:1      | Reached XP level 1. HP: 17/17 MP: 3/3
    75 | D:1      | Reached skill level 3 in Polearms
   110 | D:1      | Reached XP level 2. HP: 24/24 MP: 4/4
   851 | D:2      | Reached XP level 3. HP: 17/30 MP: 5/5
   863 | D:2      | Noticed a phantom
  1162 | D:2      | HP: 1/30 [phantom (5)]
  1643 | D:2      | Gained mutation: You are clumsy. (Dex -2) [potion of
                  | mutation]
  1643 | D:2      | Gained mutation: You are very clumsy. (Dex -4) [potion of
                  | mutation]
  1643 | D:2      | Gained mutation: Your movements are slightly less
                  | encumbered by armour. (ER -2) [potion of mutation]
  1678 | D:3      | Noticed Robin
  1686 | D:3      | Slain by a hobgoblin

Skill      XL: |  1 |
---------------+----+-----
Fighting       | 2 |  2.5
Polearms       | 3 |  3.8
Throwing       | |  1.7
Dodging        | |  2.6

Action                   || total
-------------------------++-------
Melee: Trident           ||   158
  Use: Potion            ||     6
       Scroll            ||     4
 Stab: Sleeping          ||     5
  Eat: Ration            ||     1
Armor: Leather armour    ||    39
Dodge: Dodged            ||    85
